 Dungeon Crawl Stone Soup version 0.29-a0-925-g0a7a3d12f8 (webtiles) character file.

Game seed: 4691086085960188039

8886 Alarak the Thaumaturge (level 11, -5/65 HPs)
             Began as a Djinni Fire Elementalist on July 29, 2022.
             Was a Follower of Makhleb.
             Killed from afar by a gargoyle (22 damage)
             ... with a stone arrow
             ... on level 10 of the Dungeon.
             The game lasted 00:51:09 (12129 turns).

Alarak the Thaumaturge (Djinni Fire Elementalist)  Turns: 12129, Time: 00:51:09

Health: -5/65      AC:  4    Str:  7    XL:     11   Next: 64%
Gold:   608        EV: 12    Int: 21    God:    Makhleb [*.....] SH:  0 Dex: 14

rFire   + + +      SeeInvis .   v - staff of fire
rCold   x x .      Faith    .   (no shield)
rNeg    + . .      Spirit   .   A - +2 robe {rN+}
rPois   ∞          Reflect  .   (no helmet)
rElec   .          Harm     .   (no cloak)
rCorr   .          Rampage  .   (no gloves)
Will    ++...                   (boots unavailable)
Stlth   ++........              J - amulet of regeneration
HPRegen 1.00/turn               y - ring of willpower
MPRegen 0.00/turn               F - ring of fire

@: flying, studying Short Blades
A: sickness immunity, fire resistance 2, cold vulnerability 1, float, innate
caster, HP casting, extra vitality 1
a: Renounce Religion


You were on level 10 of the Dungeon.
You worshipped Makhleb.
Makhleb was aware of your devotion.
You visited 2 branches of the dungeon, and saw 11 of its levels.

You collected 608 gold pieces.

Inventory:

Hand Weapons
 j - a +2 dagger of pain
 m - a +2 short sword of draining
 L - a +5 long sword
 O - a +1 demon whip of venom
Missiles
 R - 2 throwing nets
Armour
 A - a +2 robe of positive energy (worn)
 Q - +0 steam dragon scales
 S - a +2 robe of willpower
Magical Staves
 v - a staff of fire (weapon)
Jewellery
 e - a ring of resist corrosion
 l - a +6 ring of strength
 r - an amulet of reflection
 y - a ring of willpower (left hand)
 D - a ring of willpower
 F - a ring of fire (right hand)
 H - a ring of wizardry
 J - an amulet of regeneration (around neck)
 T - a ring of ice
Wands
 t - a wand of quicksilver (4)
 z - a wand of flame (3)
 E - a wand of polymorph (5)
 K - a wand of charming (5)
 P - a wand of iceblast (5)
Scrolls
 b - 3 scrolls of fear {unknown}
 d - 7 scrolls of teleportation {unknown}
 i - 12 scrolls of identify {unknown}
 k - 2 scrolls of blinking {unknown}
 p - a scroll of immolation {unknown}
 s - a scroll of butterflies {unknown}
 u - 2 scrolls of poison {unknown}
 w - 2 scrolls of amnesia {unknown}
 C - 2 scrolls of noise {unknown}
 M - a scroll of silence {unknown}
Potions
 a - a potion of resistance {unknown}
 c - a potion of cancellation {unknown}
 f - a potion of invisibility {unknown}
 g - 4 potions of heal wounds {unknown}
 h - 5 potions of curing {unknown}
 n - 3 potions of haste {unknown}
 o - a potion of brilliance {unknown}
 q - 2 potions of attraction {unknown}
 x - a potion of degeneration {unknown}
 B - a potion of flight {unknown}
 G - a potion of magic {unknown}
 I - a potion of berserk rage {unknown}
 N - 2 potions of might


   Skills:
 - Level 2.3 Dodging
 - Level 1.5 Stealth
 + Level 13.5 Spellcasting


You had 10 spell levels left.
You knew the following spells:

 Your Spells              Type           Power      Damage    Failure   Level
a - Foxfire               Conj/Fire      100%       2x1d9     1%          1
b - Scorch                Fire           100%       2d10      1%          2
c - Conjure Flame         Conj/Fire      100%       6-21      1%          3
d - Inner Flame           Hex/Fire       100%       N/A       1%          3
e - Flame Wave            Conj/Fire      100%       2d21      1%          4
f - Sandblast             Erth           100%       2d20      1%          1
g - Call Imp              Summ           63%        N/A       1%          2
h - Poisonous Vapours     Pois/Air       100%       N/A       1%          2
i - Iskenderun's Mystic   Conj/Tloc      63%        2d13      1%          4
j - Irradiate             Conj/Tmut      31%        3d22      1%          5
Your spell library was empty.

Dungeon Overview and Level Annotations

Branches:
Dungeon (10/15)            Temple (1/1) D:5            Lair (0/5) D:10
    Orc: D:9-12

Altars:
Ashenzari
Cheibriados
Dithmenos
Elyvilon
Fedhas
Gozag
Hepliaklqana
Makhleb
Nemelex Xobeh
Qazlal
Ru
Trog
Uskayaw
Wu Jian
Xom
Yredelemnul
Zin
The Shining One

Shops:
D:1 (   D:4 !   D:8 [

Annotations:
D:10 4 transporters
Temple 2 transporters


Innate Abilities, Weirdness & Mutations

You are immune to sickness and miasma.
You are immune to poison.
Your flesh is very heat resistant. (rF++)
You are vulnerable to cold. (rC-)
You float through the air rather than walking.
You learn spells naturally, not from books.
Your magical power is your life essence.
You have superior vitality. (+4 MHP)


Message History

Flame seeps out of the two-headed ogre.
Casting: Poisonous Vapours (safe; 1% risk of failure)
Confirm with . or Enter, or press ? or * to list all spells.
Okay, then.
Casting: Poisonous Vapours (safe; 1% risk of failure)
Confirm with . or Enter, or press ? or * to list all spells.
You feel a strong surge of power!
Flames lash the two-headed ogre.
Flame seeps out of the two-headed ogre.
The two-headed ogre is heavily wounded.
The two-headed ogre's fire resistance burns away.
The two-headed ogre is engulfed in blazing flames.
Flame seeps out of the two-headed ogre.
A gargoyle comes into view. It is wielding a +0 dire flail.
Casting: Scorch (safe; 1% risk of failure)
Confirm with . or Enter, or press ? or * to list all spells.
You erupt in a blast of force!
The mystic blast hits the two-headed ogre!
Makhleb accepts your kill.
You can now gain health from killing.
The two-headed ogre explodes!
You hear a shout! x3
Casting: Iskenderun's Mystic Blast (safe; 1% risk of failure)
Confirm with . or Enter, or press ? or * to list all spells.
Aiming: Inner Flame (safe; 1% risk of failure)
Press: ? - help, Dir - move target, f - gargoyle
Aim: a gargoyle, wielding a +0 dire flail (chance to affect: 96%)
You feel a strong surge of power!
The gargoyle is filled with an inner flame.
Casting: Inner Flame (safe; 1% risk of failure)
Confirm with . or Enter, or press ? or * to list all spells.
A beastly little devil appears in a puff of frigid air.
Casting: Call Imp (safe; 1% risk of failure)
Confirm with . or Enter, or press ? or * to list all spells.
A beastly little devil appears in a puff of frigid air.
Your white imp disappears in a puff of smoke!
The gargoyle hurls a stone arrow at you.
The stone arrow hits you!!
* * * LOW HITPOINT WARNING * * *
The gargoyle hurls a stone arrow at you.
The stone arrow hits you!!
You die...

...... .... .....####....
............ ...........
....9..... ..§§§§#
###§§§§§# #.@.§☼°§#
.#########.......#
....8#8......5...#
.....#.....##....#
....©#©....##....#
.....#.....##....#####...
8.©.8#8.©.8#####.........
#### ####### #.########
8.©.8#8.©.8#####.#


You could see a gargoyle (inner flame, ally target) and a friendly white imp
(summoned).

Vanquished Creatures
  Erolcha (D:10)
  Erica (D:9)
  2 two-headed ogres
  Amaemon (D:8)
  Pikel (D:4)
  An orange demon (D:8)
  A slime creature (D:7)
  A shadow (D:10)
  A wyvern (D:5)
  A yak (D:10)
  2 steam dragons
  5 water moccasins
  5 black bears
  2 ice beasts
  2 orc warriors
  2 sky beasts
  4 ogres
  4 centaurs
  3 kobold brigands
  3 lemures (D:4)
  4 bullfrogs
  A necrophage (D:7)
  3 scorpions
  11 wights
  3 vampire bats (D:4)
  2 hounds
  2 jellies (D:6)
  A gnoll bouda (D:9)
  4 orc priests
  Jessica (D:2)
  4 iguanas
  4 orc wizards
  3 adders
  5 gnolls (D:9)
  4 shadow imps
  3 white imps
  2 ufetubi
  4 worms
  4 dart slugs (D:4)
  18 orcs
  6 ball pythons
  3 bats (D:3)
  5 bat skeletons (D:4)
  2 bat zombies (D:4)
  9 endoplasms
  4 goblins
  7 hobgoblins
  3 jackals (D:4)
  2 quokkas
  5 frilled lizards
  14 kobolds
  3 rats
  11 bushes (D:9)
200 creatures vanquished.

Vanquished Creatures (collateral kills)
  3 orcs (D:4)
  A goblin (D:4)
  3 foxfires
7 creatures vanquished.

Vanquished Creatures (others)
  215 foxfires
  13 fungi (D:10)
  45 plants
273 creatures vanquished.

Grand Total: 480 creatures vanquished

Notes
Turn   | Place    | Note
-------+----------+-------------------------------------------
     0 | D:1      | Alarak the Djinni Fire Elementalist began the quest for the
                  | Orb.
     0 | D:1      | Alarak set off with the following spells memorised:
                  | Foxfire, Scorch, Conjure Flame, Inner Flame, Flame Wave.
     0 | D:1      | Reached XP level 1. HP: 15/15 MP: 0/0
   381 | D:1      | Reached XP level 2. HP: 18/21 MP: 0/0
   465 | D:1      | Found Ucwinos's Weapon Emporium.
   906 | D:1      | Reached skill level 3 in Spellcasting
  1051 | D:1      | Found a faded altar of an unknown god.
  1249 | D:1      | Reached XP level 3. HP: 16/25 MP: 0/0
  1249 | D:1      | Learned a level 1 spell: Sandblast
  2052 | D:2      | Noticed Jessica
  2054 | D:2      | Killed Jessica
  2055 | D:2      | Reached XP level 4. HP: 27/31 MP: 0/0
  3375 | D:3      | Reached skill level 4 in Spellcasting
  3536 | D:3      | You are sucked into a shaft and drop 1 floor!
  3645 | D:4      | Reached XP level 5. HP: 35/35 MP: 0/0
  3645 | D:4      | Learned a level 2 spell: Call Imp
  3648 | D:4      | Noticed a water moccasin
  3652 | D:4      | Killed a water moccasin
  3653 | D:4      | Reached XP level 6. HP: 32/40 MP: 0/0
  3759 | D:4      | Found Qeli's Distillery.
  3924 | D:4      | Found a shadowy altar of Dithmenos.
  3940 | D:4      | Reached skill level 5 in Spellcasting
  5276 | D:4      | Noticed Pikel
  5286 | D:4      | Killed Pikel
  5287 | D:4      | Reached skill level 7 in Spellcasting
  5287 | D:4      | Reached XP level 7. HP: 31/45 MP: 0/0
  5287 | D:4      | Learned a level 2 spell: Poisonous Vapours
  5287 | D:4      | Reached XP level 8. HP: 35/50 MP: 0/0
  5783 | D:5      | Entered Level 5 of the Dungeon
  5960 | D:5      | Reached skill level 8 in Spellcasting
  6313 | D:5      | Noticed a wyvern
  6321 | D:5      | Killed a wyvern
  6322 | D:5      | Reached XP level 9. HP: 27/55 MP: 0/0
  6322 | D:5      | Learned a level 4 spell: Iskenderun's Mystic Blast
  6547 | D:5      | Found a staircase to the Ecumenical Temple.
  7163 | D:6      | Reached skill level 9 in Spellcasting
  8077 | D:6      | Reached skill level 10 in Spellcasting
  8788 | D:7      | Noticed a slime creature
  8799 | D:7      | Killed a slime creature
  8800 | D:7      | Reached XP level 10. HP: 45/60 MP: 0/0
  9914 | D:8      | Reached skill level 11 in Spellcasting
 10797 | D:8      | Found a snail-covered altar of Cheibriados.
 10799 | D:8      | Found Cheibriados's Comfort Zone.
 10826 | D:8      | Noticed Amaemon
 10827 | D:8      | Noticed an orange demon
 10835 | D:8      | Killed Amaemon
 10837 | D:8      | Killed an orange demon
 10838 | D:8      | Reached skill level 12 in Spellcasting
 11118 | Temple   | Entered the Ecumenical Temple
 11118 | Temple   | Found a transporter.
 11118 | Temple   | Found a transporter.
 11120 | Temple   | Found a transporter.
 11120 | Temple   | Found a transporter.
 11136 | Temple   | Became a worshipper of Makhleb the Destroyer
 11380 | D:9      | Reached XP level 11. HP: 53/65 MP: 0/0
 11380 | D:9      | Learned a level 5 spell: Irradiate
 11385 | D:9      | Noticed a two-headed ogre
 11389 | D:9      | Killed a two-headed ogre
 11494 | D:9      | Noticed Erica
 11522 | D:9      | Killed Erica
 11559 | D:9      | Found a white marble altar of Elyvilon.
 11941 | D:10     | Entered Level 10 of the Dungeon
 11967 | D:10     | Reached skill level 13 in Spellcasting
 12047 | D:10     | Found a staircase to the Lair.
 12076 | D:10     | Found a transporter.
 12077 | D:10     | Found a transporter.
 12080 | D:10     | Found a transporter.
 12101 | D:10     | Found a transporter.
 12111 | D:10     | Noticed Erolcha
 12118 | D:10     | Noticed a two-headed ogre
 12120 | D:10     | Killed Erolcha
 12124 | D:10     | Killed a two-headed ogre
 12124 | D:10     | Reached * piety under Makhleb
 12129 | D:10     | Killed from afar by a gargoyle

Illustrated notes

Levels and vault maps discovered:
D:1:      evilmike_arrival_come_back, layout_loops_corners,
          basic_ecumenical_altar, serial_shops, nicolae_lakefront_shop,
          grunt_decor_arrowhead, roderic_lattice_a, minmay_tripent
D:2:      layout_loops_cross, uniq_jessica
D:3:      layout_basic, serial_bayou, serial_bayou_lake_a, serial_bayou_ford_a,
          serial_bayou_lagoon_a, serial_bayou_pond_d
D:4:      layout_loops_cross, mainiacjoe_overflow_24_doors,
          kennysheep_vampire_church, serial_shops, shop_coins,
          chequers_serial_rivers_micro_b, hangedman_abyss_or_decor_passed,
          minmay_fractal_squares_gapless_5, uniq_pikel
D:5:      kennysheep_big_flooded_room, layout_basic, temple_statues
D:6:      layout_gridville
D:7:      nicolae_cairo_tiling_large, layout_basic, minmay_manual_moon
D:8:      layout_cave_pools, minmay_shop_chei, uniq_amaemon
D:9:      layout_rooms, nicolae_elyvilon_peaceful_grove, uniq_erica
D:10:     layout_irregular_city, due_lair_maze_entry_diamond, david_orc_3,
          nicolae_diode_quadrants, uniq_erolcha, uniq_psyche, uniq_lodul
Temple:   hellmonk_temple_divided_pantheon

Skill      XL: |  1  2  3  4  5  6  7  8  9 10 11 |
---------------+----------------------------------+-----
Spellcasting   | 3 4 7 8 10 12 13 | 13.5
Dodging        | |  2.3
Stealth        | |  1.5

Action                   |  1- 3 |  4- 6 |  7- 9 | 10-12 || total
-------------------------+-------+-------+-------+-------++-------
Melee: Unarmed           |     4 |       |       |       ||     4
       Dagger            |       |     2 |       |       ||     2
       Staff             |       |       |     2 |       ||     2
 Cast: Foxfire           |    56 |    26 |    35 |    10 ||   127
       Scorch            |     5 |    54 |    52 |    19 ||   130
       Conjure Flame     |       |     9 |    13 |     7 ||    29
       Call Imp          |       |     5 |     7 |     2 ||    14
       Inner Flame       |       |     3 |     5 |    34 ||    42
       Poisonous Vapours |       |       |    10 |    21 ||    31
       Sandblast         |       |       |     8 |    10 ||    18
       Iskenderun's Myst |       |       |     3 |    23 ||    26
       Flame Wave        |       |       |       |     8 ||     8
 Stab: Sleeping          |       |     1 |       |       ||     1
Armor: Robe              |       |     1 |    10 |     2 ||    13
Dodge: Dodged            |     6 |     3 |    24 |    12 ||    45
Block: Other             |       |       |     2 |     3 ||     5
       Reflection        |       |       |       |     1 ||     1

Table legend: (Time is in decaauts)
 A = Elapsed time spent in this place.
 B = Non-inter-level travel time spent in this place.
 C = Inter-level travel time spent in this place.
 D = Time resting spent in this place.
 E = Time spent auto-exploring this place.
 F = Levels seen in this place.
 G = Mean time per level.
                   A        B        C        D        E       F      G
               +--------+--------+--------+--------+--------+-----+--------+
         Total |  12145 |  11449 |    696 |   2979 |   7329 |  11 | 1104.1 |
       Dungeon |  12115 |  11433 |    682 |   2979 |   7323 |  10 | 1211.5 |
        Temple |     29 |     15 |     14 |      0 |      6 |   1 |   29.0 |
               +--------+--------+--------+--------+--------+-----+--------+

Top non-repeatable levels by time:
     D:4: 1965 daAuts
     D:7: 1775 daAuts
     D:1: 1734 daAuts
     D:6: 1489 daAuts
     D:2: 1481 daAuts
     D:5: 1329 daAuts
     D:8: 854 daAuts
     D:9: 696 daAuts
     D:3: 596 daAuts
    D:10: 190 daAuts
  Temple: 29 daAuts
